 Dungeon Crawl Stone Soup version 0.30-a0-367-g839099abd5 (webtiles) character file.

Game seed: 14694421993188312661

145 Elric the Conjurer (level 5, 0/31 HPs)
             Began as an Octopode Conjurer on Nov 18, 2022.
             Slain by Ijyb
             ... wielding a +0 dagger
              (3 damage)
             ... on level 3 of the Dungeon.
             The game lasted 00:05:54 (2345 turns).

Elric the Conjurer (Octopode Conjurer)              Turns: 2345, Time: 00:05:55

Health: 0/31       AC:  1    Str:  6    XL:     5   Next: 27%
Magic:  0/10       EV: 12    Int: 22    God:
Gold:   213        SH:  0    Dex: 11    Spells: 4/11 levels left

rFire   . . .      SeeInvis .    l - staff of conjuration
rCold   . . .      Faith    .    o - +0 buckler
rNeg    . . .      Spirit   +    (helmet restricted)
rPois   .          Reflect  .    h - amulet of guardian spirit
rElec   .          Harm     .    (no ring)
rCorr   .          Rampage  .    (no ring)
Will    .....                    (no ring)
Stlth   ++........               (no ring)
HPRegen 0.25/turn                (no ring)
MPRegen 0.12/turn                (no ring)
                                 (no ring)
                                 (no ring)

@: confused
A: almost no armour, amphibious, 8 rings, camouflage 1, gelatinous body 1,
(nimble swimmer 1), tentacles
a: no special abilities


You were on level 3 of the Dungeon.
You visited 1 branch of the dungeon, and saw 3 of its levels.

You collected 213 gold pieces.

Inventory:

Armour
 o - a +0 buckler (worn)
Magical Staves
 l - a staff of conjuration (weapon)
Jewellery
 h - an amulet of guardian spirit (around mantle)
 p - an amulet of reflection
Scrolls
 b - a scroll of vulnerability {unknown}
 c - a scroll of identify {unknown}
 e - a scroll of blinking {unknown}
 j - a scroll of noise {unknown}
 k - a scroll of immolation {unknown}
 m - 2 scrolls of teleportation {unknown}
 n - a scroll of acquirement {unknown}
Potions
 a - a potion of magic
 d - 2 potions of degeneration {unknown}
 f - a potion of haste {unknown}
 g - 2 potions of heal wounds
 i - 2 potions of lignification {unknown}
 q - a potion of might {unknown}


   Skills:
 - Level 2.2 Dodging
 - Level 3.1 Stealth
 + Level 3.5 Spellcasting
 + Level 5.2 Conjurations


You had 4 spell levels left.
You knew the following spells:

 Your Spells              Type           Power      Damage    Failure   Level
a - Magic Dart            Conj           100%       1d8       1%          1
b - Searing Ray           Conj           80%        2d7       2%          2
c - Iskenderun's Mystic   Conj/Tloc      23%        2d6       50%         4

Your spell library contained the following spells:

 Spells                   Type           Power      Damage    Failure   Level
 Apportation              Tloc           6%         N/A       16%         1
 Dazzling Flash           Conj/Hex       46%        N/A       17%         3
 Fulminant Prism          Conj/Hex       11%        3d8       50%         4
 Alistair's Intoxication  Tmut/Pois      2%         N/A       99%         5


Dungeon Overview and Level Annotations

Branches:
Dungeon (3/15)

Altars:
Makhleb
Vehumet

Shops:
D:1 (

Annotations:
D:3 Ijyb


Innate Abilities, Weirdness & Mutations

You cannot wear most types of armour.
You are amphibious.
You can wear up to eight rings at the same time.
Your skin changes colour to match your surroundings (Stealth+).
Your rubbery body absorbs attacks. (AC +1, EV +1)
((You are camouflaged when in or above water. (Stealth+)))
You have tentacles for arms and can constrict up to eight enemies at once.


Message History

Your will is overpowered!
You are confused.
Ijyb attacks as you move away! Ijyb barely misses you.
You're too confused to move!
Ijyb screams, "Me stronger than you!" Ijyb misses you.
You bump into the rock wall.
Ijyb hits you with a +0 dagger. Ijyb barely misses you.
You closely miss Ijyb. Your squeeze misses Ijyb.
Ijyb is moderately wounded.
Ijyb zaps a wand.
Your will is overpowered!
You are more confused.
You closely miss Ijyb. You squeeze Ijyb, but do no damage.
Ijyb is moderately wounded.
Ijyb closely misses you.
Ijyb zaps a wand.
Your will is overpowered!
You are more confused.
Ijyb hits you with a +0 dagger.
Ijyb screams, "Level is mine!
All mine!"
Ijyb hits you with a +0 dagger.
* * * LOW HITPOINT WARNING * * *
You're too confused to move!
Ijyb barely misses you.
You are too confused!
You are too confused!
You're too confused to move!
Ijyb hits you with a +0 dagger.
* * * LOW HITPOINT WARNING * * *
You bump into the rock wall.
Ijyb hits you with a +0 dagger.
* * * LOW HITPOINT WARNING * * *
Ijyb screams, "I no like you!"
Ijyb zaps a wand.
You resist with some effort.
You hit Ijyb but do no damage.
Ijyb is moderately wounded.
Ijyb barely misses you.
Ijyb screams, "Die!"
You're too confused to move!
Ijyb zaps a wand.
Your will is overpowered!
You are more confused.
You are too confused!
You bump into the rock wall.
Ijyb hits you with a +0 dagger.
* * * LOW HITPOINT WARNING * * *
You bump into the rock wall.
Ijyb hits you with a +0 dagger.
You die...

####### #.....#
###.###.### #...#
#.#.. #.### #@#.#
#.# #g#.# # #.#
#.#.###... #.#
#.#.....# #.#
#...###### ##.##
#>.......# #
#...######.####...
. #..........#
##.######
#.#^.†......
........#


You could see Ijyb.

Vanquished Creatures
  A crimson imp (D:3)
  2 gnolls (D:3)
  2 adders (D:2)
  A worm (D:2)
  4 dart slugs
  7 ball pythons
  7 endoplasms
  2 giant cockroaches
  6 goblins
  10 hobgoblins
  2 jackals (D:3)
  2 quokkas
  5 bats
  2 frilled lizards (D:1)
  3 kobolds (D:1)
  3 rats
59 creatures vanquished.

Notes
Turn   | Place    | Note
-------+----------+-------------------------------------------
     0 | D:1      | Elric the Octopode Conjurer began the quest for the Orb.
     0 | D:1      | Reached XP level 1. HP: 11/11 MP: 3/3
   108 | D:1      | Reached XP level 2. HP: 14/17 MP: 0/5
   548 | D:1      | Found Teenap's Antique Weapon Shop.
   555 | D:1      | Reached XP level 3. HP: 21/21 MP: 3/6
  1155 | D:2      | Learned a level 2 spell: Searing Ray
  1299 | D:2      | Reached XP level 4. HP: 27/27 MP: 5/8
  1306 | D:2      | Learned a level 4 spell: Iskenderun's Mystic Blast
  1940 | D:3      | Found a burning altar of Makhleb.
  1940 | D:3      | Found a radiant altar of Vehumet.
  1946 | D:3      | Reached skill level 5 in Conjurations
  1946 | D:3      | Reached XP level 5. HP: 21/31 MP: 0/10
  2315 | D:3      | Noticed Ijyb
  2345 | D:3      | Slain by Ijyb

Illustrated notes

Levels and vault maps discovered:
D:1:      lightli_iron_boxes, layout_rooms, serial_shops, shop,
          dreamdust_wishing_well
D:2:      layout_rooms, kennysheep_generic_room_7
D:3:      layout_basic, grunt_temple_overflow_lords_of_destruction,
          minivault_27, minmay_ogre_servants, uniq_ijyb

Skill      XL: |  1  2  3  4 |
---------------+-------------+-----
Stealth        | 3 |  3.1
Spellcasting   | 3 |  3.5
Conjurations   | 5 |  5.2
Dodging        | |  2.2

Action                   |  1- 3 |  4- 6 || total
-------------------------+-------+-------++-------
Melee: Unarmed           |    26 |       ||    26
       Tentacles         |     7 |     1 ||     8
       Constrict         |     5 |       ||     5
       Staff             |       |     3 ||     3
 Cast: Magic Dart        |    66 |    42 ||   108
       Searing Ray       |     1 |     5 ||     6
Armor: Skin              |     4 |       ||     4
Dodge: Dodged            |    28 |     9 ||    37

Table legend: (Time is in decaauts)
 A = Elapsed time spent in this place.
 B = Non-inter-level travel time spent in this place.
 C = Inter-level travel time spent in this place.
 D = Time resting spent in this place.
 E = Time spent auto-exploring this place.
 F = Levels seen in this place.
 G = Mean time per level.
                   A        B        C        D        E       F      G
               +--------+--------+--------+--------+--------+-----+--------+
         Total |   2344 |   2232 |    112 |    158 |   1750 |   3 |  781.3 |
       Dungeon |   2344 |   2232 |    112 |    158 |   1750 |   3 |  781.3 |
               +--------+--------+--------+--------+--------+-----+--------+

Top non-repeatable levels by time:
     D:1: 1151 daAuts
     D:2: 758 daAuts
     D:3: 435 daAuts
